 Dungeon Crawl Stone Soup version 0.26-a0-649-gf8c6c3aab7 (webtiles) character file.

Game seed: 7851859764545683285

100 oldriver the Skirmisher (level 4, -2/32 HPs)
             Began as a Gargoyle Fighter on Sept 26, 2020.
             Killed from afar by an orc wizard (5 damage)
             ... with a puff of flame
             ... on level 3 of the Dungeon.
             The game lasted 00:01:53 (1764 turns).

oldriver the Skirmisher (Gargoyle Fighter)          Turns: 1764, Time: 00:01:54

Health: -2/32      AC: 10    Str: 19    XL:     4   Next: 73%
Magic:  4/4        EV:  7    Int:  9    God:
Gold:   68         SH:  9    Dex: 10    Spells: 3/3 levels left

rFire    . . .     SeeInvis .   a - +0 flail
rCold    . . .     Faith    .   c - +0 kite shield
rNeg     + . .     Spirit   .   b - +0 scale mail
rPois    ∞         Reflect  .   (no helmet)
rElec    +         Harm     .   (no cloak)
rCorr    .         Rampage  .   (no gloves)
MR       .....                  (no boots)
Stlth    ..........             (no amulet)
HPRegen  0.10/turn              (no ring)
MPRegen  0.09/turn              (no ring)

@: no status effects
A: negative energy resistance 1, electricity resistance, unbreathing,
petrification resistance, rot immunity, AC +3
a: no special abilities


You were on level 3 of the Dungeon.
You visited 1 branch of the dungeon, and saw 3 of its levels.

You collected 68 gold pieces.

Inventory:

Hand Weapons
 a - a +0 flail (weapon)
Armour
 b - a +0 scale mail (worn)
 c - a +0 kite shield (worn)
Jewellery
 l - an uncursed ring of ice {unknown}
Scrolls
 g - 7 scrolls of identify {unknown}
 j - 2 scrolls of remove curse {unknown}
 k - 3 scrolls of teleportation {unknown}
 n - a scroll of amnesia {unknown}
 p - a scroll of magic mapping {unknown}
 q - a scroll of enchant weapon {unknown}
Potions
 d - a potion of might
 e - a potion of invisibility {unknown}
 f - 2 potions of degeneration {unknown}
 h - a potion of mutation {unknown}
 i - a potion of lignification {unknown}
 m - a potion of heal wounds {unknown}
 o - a potion of stabbing {unknown}


   Skills:
 * Level 5.8 Fighting
 - Level 2.0 Maces & Flails
 - Level 3.2 Armour
 - Level 3.2 Shields


You had 3 spell levels left.
You didn't know any spells.
Your spell library was empty.

Dungeon Overview and Level Annotations

Branches:
Dungeon (3/15)

Altars:
Makhleb


Innate Abilities, Weirdness & Mutations

You are resistant to torment.
Your stone body is resilient. (AC +3)
You are immune to poison.
You resist negative energy. (rN+)
You are resistant to electric shocks. (rElec)
You can survive without breathing.
You are immune to petrification.
You are immune to rotting.


Message History

* * * LOW HITPOINT WARNING * * *
You bump into the rock wall.
The orc wizard hits you but does no damage.
You bump into the rock wall.
The orc wizard hits you but does no damage.
You bump into the rock wall.
The orc wizard hits you but does no damage.
The orc wizard hits you but does no damage.
You feel less confused.
The orc wizard hits you but does no damage.
You sock the orc wizard!
The orc wizard is almost dead.
The orc wizard mumbles some strange words.
The orc wizard flickers and vanishes!
Deactivating autopickup; reactivate with Ctrl-A.
You miss something.
You hear some strange, mumbled words.
A puff of flame appears from out of thin air!
The puff of flame hits you.
You die...

#.....# #... ###<..#
..# .## ###†###.#
...### # ##..#..#
...?# . ##..[..####
#..##.
#..###....#####.....
#.#................#
##.#{#####.#####.).>.
#...@# #..####....)
###### ##..[.o....#
#####o...## ##...##
....... ####.### #.#
... ###


There were no monsters in sight!

Vanquished Creatures
  An adder (D:2)
  2 oozes
  A worm (D:3)
  2 leopard geckos
  7 orcs
  2 giant cockroaches (D:2)
  6 hobgoblins
  7 kobolds
  A quokka (D:2)
  5 bats
  A frilled lizard (D:2)
  4 goblins
  7 rats
46 creatures vanquished.

Vanquished Creatures (others)
  An orc wizard (D:3)
1 creature vanquished.

Grand Total: 47 creatures vanquished

Notes
Turn   | Place    | Note
-------+----------+-------------------------------------------
     0 | D:1      | oldriver the Gargoyle Fighter began the quest for the Orb.
     0 | D:1      | Reached XP level 1. HP: 14/14 MP: 1/1
   222 | D:1      | Reached skill level 4 in Fighting
   222 | D:1      | Reached XP level 2. HP: 20/20 MP: 2/2
   705 | D:2      | Reached XP level 3. HP: 24/24 MP: 3/3
  1014 | D:2      | Found a burning altar of Makhleb.
  1361 | D:2      | Reached skill level 5 in Fighting
  1484 | D:3      | Reached XP level 4. HP: 31/31 MP: 4/4
  1764 | D:3      | Killed from afar by an orc wizard

Illustrated notes

Levels and vault maps discovered:
D:1:      sevenhm_arrival_forest_fort_large_2, layout_basic
D:2:      layout_loops_corners, lightli_temple_of_fire
D:3:      layout_rooms, uniq_crazy_yiuf_cottage

Skill      XL: |  1  2  3 |
---------------+----------+-----
Fighting       | 4 5 |  5.8
Maces & Flails | |  2.0
Armour         | |  3.2
Shields        | |  3.2

Action                   |  1- 3 |  4- 6 || total
-------------------------+-------+-------++-------
Melee: Flail             |   122 |    56 ||   178
Armor: Scale mail        |    77 |    53 ||   130
Dodge: Dodged            |    44 |     6 ||    50
Block: Kite shield       |    83 |    11 ||    94

Table legend: (Time is in decaauts)
 A = Elapsed time spent in this place.
 B = Non-inter-level travel time spent in this place.
 C = Inter-level travel time spent in this place.
 D = Time resting spent in this place.
 E = Time spent auto-exploring this place.
 F = Levels seen in this place.
 G = Mean time per level.
                   A        B        C        D        E       F      G
               +--------+--------+--------+--------+--------+-----+--------+
         Total |   1832 |   1777 |     55 |    167 |   1182 |   3 |  610.7 |
       Dungeon |   1832 |   1777 |     55 |    167 |   1182 |   3 |  610.7 |
               +--------+--------+--------+--------+--------+-----+--------+

Top non-repeatable levels by time:
     D:2: 924 daAuts
     D:1: 718 daAuts
     D:3: 190 daAuts
